 Dungeon Crawl Stone Soup version 0.21.1-1-g345015f (webtiles) character file.

858 kae the Insei (level 7, -10/57 HPs)
             Began as a Demonspawn Monk on Apr 30, 2018.
             Was a Believer of Wu Jian.
             Killed by divine providence
             ... invoked by an orc priest
              (13 damage)
             ... on level 6 of the Dungeon.
             The game lasted 00:05:55 (6659 turns).

kae the Insei (Demonspawn Monk)                     Turns: 6659, Time: 00:05:57

Health: -10/57     AC:  9    Str: 11    XL:     7   Next: 71%
Magic:  7/7        EV: 13    Int: 12    God:    Wu Jian [**....]
Gold:   141        SH:  0    Dex: 17    Spells: 6/6 levels left

rFire    . . .     SeeInvis +     - Unarmed
rCold    . . .     Gourm    .   (no shield)
rNeg     . . .     Faith    .   a - +1 robe
rPois    .         Spirit   .   (no helmet)
rElec    .         Reflect  .   i - +2 cloak
rCorr    .         Harm     .   (no gloves)
MR       .....                  f - +2 pair of boots
Stlth    ++........             (no amulet)
HPRegen  0.19/turn              e - ring of see invisible
MPRegen  0.10/turn              (no ring)

@: vulnerable
A: claws 2, talons 1, demonic guardian 1, rot immunity
a: Wall Jump, Renounce Religion


You were on level 6 of the Dungeon.
You worshipped Wu Jian.
Wu Jian was pleased with you.
You were very hungry.

You visited 2 branches of the dungeon, and saw 7 of its levels.

You collected 245 gold pieces.
You spent 104 gold pieces at shops.

Inventory:

Armour
 a - a +1 robe (worn)
 f - a +2 pair of boots (worn)
 i - a +2 cloak (worn)
Jewellery
 e - a ring of see invisible (left claw)
 o - an uncursed ring of fire {unknown}
Scrolls
 c - 2 scrolls of magic mapping
 d - a scroll of remove curse
 h - 3 scrolls of identify
 m - 5 scrolls of enchant armour
 n - 2 scrolls of teleportation
 p - 2 scrolls of vulnerability
Potions
 g - 3 potions of curing
 j - 3 potions of agility
 l - a potion of invisibility
Comestibles
 b - 15 rations


   Skills:
 + Level 5.8 Fighting
 - Level 2.6 Dodging
 - Level 1.7 Stealth
 * Level 7.1 Unarmed Combat


You had 6 spell levels left.
You didn't know any spells.

Dungeon Overview and Level Annotations

Branches:
Dungeon (6/15)             Temple (1/1) D:4

Altars:
Ashenzari
Cheibriados
Dithmenos
Elyvilon
Fedhas
Gozag
Hepliaklqana
Kikubaaqudgha
Nemelex Xobeh
Okawaru
Qazlal
Ru
Trog
Uskayaw
Vehumet
Wu Jian
Xom
Yredelemnul
Zin
The Shining One

Shops:
D:6 !

Annotations:
D:6 RipGuy's ghost, novice GrBe


Innate Abilities, Weirdness & Mutations

You have very sharp fingernails.
You have sharp toenails.
A weak demonic guardian rushes to your aid.
You are immune to rotting.


Message History

* * * LOW HITPOINT WARNING * * *
Your quasit closely misses the orc warrior.
Your quasit claws the orc warrior but does no damage.
Your quasit barely misses the orc warrior.
The orc warrior barely misses your quasit.
The orc warrior hits you but does no damage.
You lunge at the orc priest.
You barely miss the orc priest.
You spin and attack the orc warrior.
You barely miss the orc warrior.
The orc warrior is heavily wounded.
You spin and attack the orc priest.
You scratch the orc priest.
The orc priest is moderately wounded.
You spin and attack the orc priest.
You claw the orc priest!
The orc priest is heavily wounded.
Your quasit closely misses the orc warrior.
Your quasit claws the orc warrior but does no damage.
Your quasit misses the orc warrior.
The orc priest hits you but does no damage.
The orc priest mumbles some strange prayers to Beogh against you.
Beogh smites you!
You die...

.≈≈#)ooo.o.##.###
#.#≈≈#..o#≈≈###...#
#.#≈#######≈# ###.#
#.#≈##≈≈≈##≈# ##.##
##.#≈≈≈≈≈≈≈≈≈####....
##>...#.........##.)##
#.....#.#.###<#.##..##
#..5o.o...# #.#.......
#...o@#.#.###.####..##
#....o5.......####...#
#.###...#####.#.......
#.# #.### ##.#.##...#
#.# #.######....##.###
#.# #...........##....
.#.###.######..........
#.......................
###.............#.#####.


You could see an orc warrior (pinned), 3 orc priests, a friendly quasit and a
friendly ufetubus.

Vanquished Creatures
  2 eyes of draining (D:3)
  A phantom (D:4)
  A gnoll sergeant (D:5)
  A scorpion (D:4)
  A crimson imp (D:6)
  A hound (D:4)
  A worker ant zombie (D:5)
  7 gnolls
  A howler monkey skeleton (D:6)
  4 adders
  An ooze (D:1)
  2 adder skeletons (D:5)
  An adder zombie (D:6)
  5 worms
  5 dart slugs
  3 leopard geckos
  11 orcs
  8 bats
  3 giant cockroaches
  9 goblins
  3 hobgoblins
  12 jackals
  10 kobolds
  2 quokkas
  5 frilled lizards
  A jackal skeleton (D:5)
  A leopard gecko zombie (D:3)
  2 quokka skeletons (D:5)
  12 rats
  A plant (D:1)
117 creatures vanquished.

Vanquished Creatures (collateral kills)
  The ghost of Verendum the Cudgeler, an amateur MiMo (D:3)
  A gnoll (D:5)
  An ooze (D:5)
3 creatures vanquished.

Vanquished Creatures (others)
  A plant (D:4)
1 creature vanquished.

Grand Total: 121 creatures vanquished

Notes
Turn   | Place    | Note
-------+----------+-------------------------------------------
     0 | D:1      | kae the Demonspawn Monk began the quest for the Orb.
     0 | D:1      | Reached XP level 1. HP: 18/18 MP: 1/1
   133 | D:1      | Reached skill level 3 in Unarmed Combat
   170 | D:1      | Gained mutation: You have sharp fingernails. [demonic ancestry]
   170 | D:1      | Reached XP level 2. HP: 23/24 MP: 2/2
   738 | D:1      | Reached XP level 3. HP: 29/29 MP: 3/3
   952 | D:2      | Found a shimmering altar of Xom.
   953 | D:2      | Found a shimmering altar of Xom.
   981 | D:2      | Found a shimmering altar of Xom.
  1126 | D:2      | Found a sparkling altar of Nemelex Xobeh.
  1208 | D:2      | Reached skill level 4 in Unarmed Combat
  1208 | D:2      | Gained mutation: You have sharp toenails. [demonic ancestry]
  1208 | D:2      | Reached XP level 4. HP: 37/37 MP: 4/4
  1252 | D:2      | Found a white marble altar of Elyvilon.
  1479 | D:2      | You fall through a shaft!
  1845 | D:3      | Noticed Verendum's ghost (amateur MiMo)
  2170 | D:3      | Noticed an eye of draining
  2232 | D:3      | Noticed an eye of draining
  2234 | D:3      | Killed an eye of draining
  2234 | D:3      | Gained mutation: You are immune to rotting. [demonic ancestry]
  2234 | D:3      | Reached XP level 5. HP: 40/42 MP: 0/5
  2237 | D:3      | Found a bloodstained altar of Trog.
  2246 | D:3      | Killed an eye of draining
  2246 | D:3      | Reached skill level 5 in Unarmed Combat
  2246 | D:3      | Gained mutation: A weak demonic guardian rushes to your aid. [demonic ancestry]
  2246 | D:3      | Reached XP level 6. HP: 48/49 MP: 0/6
  3065 | D:3      | Killed Verendum's ghost
  3065 | D:3      | Reached skill level 5 in Fighting
  3065 | D:3      | Reached skill level 6 in Unarmed Combat
  3372 | D:3      | Found a sacrificial altar of Ru.
  3823 | D:4      | Gained mutation: You have very sharp fingernails. [demonic ancestry]
  3823 | D:4      | Reached XP level 7. HP: 49/56 MP: 7/7
  3962 | D:4      | Found a staircase to the Ecumenical Temple.
  4071 | Temple   | Entered the Ecumenical Temple
  4258 | Temple   | Became a worshipper of the Wu Jian Council
  4258 | Temple   | Reached * piety under Wu Jian
  4258 | Temple   | Reached ** piety under Wu Jian
  4335 | D:4      | Found a blossoming altar of Fedhas.
  4386 | D:4      | Found a stormy altar of Qazlal.
  4677 | D:5      | Entered Level 5 of the Dungeon
  5021 | D:5      | Found a shadowy altar of Dithmenos.
  5603 | D:5      | Found a basalt altar of Yredelemnul.
  5636 | D:5      | Reached skill level 7 in Unarmed Combat
  5746 | D:5      | Found a glowing golden altar of the Shining One.
  6091 | D:6      | Found Meneoj's Distillery.
  6097 | D:6      | Bought a potion of curing for 39 gold pieces
  6097 | D:6      | Bought a potion of heal wounds for 65 gold pieces
  6430 | D:6      | Noticed RipGuy's ghost (novice GrBe)
  6659 | D:6      | Killed from afar by an orc priest

Skill      XL: |  1  2  3  4  5  6  7 |
---------------+----------------------+-----
Unarmed Combat | 3 4 5 6 7 |  7.1
Fighting       | 4 5 |  5.8
Dodging        | |  2.6
Stealth        | |  1.7

Action                   |  1- 3 |  4- 6 |  7- 9 || total
-------------------------+-------+-------+-------++-------
Melee: Unarmed           |   181 |   129 |   130 ||   440
       Kick              |       |    40 |     3 ||    43
       Punch             |       |     5 |     4 ||     9
Invok: Whirlwind         |       |       |     8 ||     8
       Lunge             |       |       |     5 ||     5
       Wall Jump         |       |       |     2 ||     2
  Use: Scroll            |     2 |     6 |     4 ||    12
       Potion            |       |     7 |     1 ||     8
 Stab: Sleeping          |    11 |    10 |       ||    21
       Distracted        |       |     2 |     1 ||     3
  Eat: Chunk             |     1 |     8 |     8 ||    17
Armor: Robe              |    21 |    21 |    29 ||    71
Dodge: Dodged            |    63 |    43 |    57 ||   163
